 Dungeon Crawl Stone Soup version 0.31-a0-187-gba352fbbf7 (webtiles) character file.

Game seed: 14703464841502059029

53 qw the Shooter (level 3, -1/20 HPs)
             Began as a Deep Elf Hunter on June 22, 2023.
             Slain by Duvessa
             ... wielding a +0 short sword
              (4 damage)
             ... on level 4 of the Dungeon.
             The game lasted 00:00:40 (2316 turns).

qw the Shooter (Deep Elf Hunter)                    Turns: 2316, Time: 00:00:40

Health: -1/20      AC:  6    Str: 10    XL:     3   Next: 64%
Magic:  5/5        EV: 11    Int: 13    God:
Gold:   102        SH:  0    Dex: 18    Spells: 2/2 levels left

rFire   . . .        Y - +1 shortbow
rCold   . . .        (shield currently unavailable)
rNeg    . . .        i - +0 ring mail
rPois   .            (no helmet)
rElec   .            d - +0 cloak
rCorr   .            (no gloves)
SInv    .            (no boots)
Will    .....        (no amulet)
Stlth   +            (no ring)
HPRegen 0.23/turn    (no ring)
MPRegen 0.09/turn

%: no passive effects
@: no status effects
A: no striking features
a: no special abilities


You were on level 4 of the Dungeon.
You visited 1 branch of the dungeon, and saw 4 of its levels.

You collected 126 gold pieces.
You spent 24 gold pieces at shops.


   Skills:
 - Level 1.5 Fighting
 + Level 7.1 Ranged Weapons
 - Level 2.4 Dodging
 - Level 1.2 Stealth


You had 2 spell levels left.
You didn't know any spells.
Your spell library was empty.

Inventory:

Hand Weapons
 Y - a +1 shortbow (weapon)
Armour
 d - a +0 cloak (worn)
 i - a +0 ring mail (worn)
Scrolls
 e - a scroll of identify
Potions
 c - a potion of mutation {unknown}
 f - a potion of might
 h - a potion of resistance {unknown}

Dungeon Overview and Level Annotations

Branches:
Dungeon (4/15)
 Temple: D:4-7

Altars:

Shops:
D:2 *

Annotations:
D:3 1 runed translucent door, Crazy Yiuf
D:4 Dowan, Duvessa


Message History

You shoot an arrow.
The arrow hits Duvessa but does no damage.
Duvessa is moderately wounded.
Duvessa says, "Where magic fails, the sword succeeds!"
Dowan mumbles some strange words.
Dowan blinks!
You shoot an arrow. The arrow closely misses Duvessa.
You shoot an arrow.
The arrow hits Duvessa but does no damage.
Duvessa is moderately wounded.
You shoot an arrow.
The arrow hits Duvessa but does no damage.
Duvessa is moderately wounded.
Duvessa hits you but does no damage. The adder bites you but does no damage.
You shoot an arrow. The arrow barely misses Duvessa.
The adder barely misses you. Duvessa hits you with a +0 short sword.
The adder bites you.
You shoot an arrow. The arrow hits Duvessa.
Duvessa is heavily wounded.
The hobgoblin closely misses you. Duvessa hits you with a +0 short sword.
Dowan gestures at Duvessa while chanting.
Duvessa seems to speed up.
The adder barely misses you. Duvessa hits you with a +0 short sword.
The hobgoblin hits you but does no damage.
You shoot an arrow. The arrow barely misses Duvessa.
The adder closely misses you. Duvessa hits you but does no damage.
The hobgoblin misses you. The adder bites you.
Dowan casts a spell.
Dowan blinks!
You shoot an arrow. The arrow barely misses Duvessa.
Duvessa gestures with her weapon.
Duvessa hits you but does no damage. The adder bites you but does no damage.
Duvessa says, "Where magic fails, the sword succeeds!"
Duvessa hits you with a +0 short sword.
The hobgoblin hits you but does no damage.
You shoot an arrow.
The arrow hits Duvessa but does no damage.
Duvessa is heavily wounded.
Duvessa hits you with a +0 short sword.
You die...

#....# ..... .#..###
...ยค.## #..... # .
#....# .##.
..####.gS.##....
........@e......
#..........#..## .#
.###..<.....### ..
#.<....?...##..
##....##.......
#...((#....#
#.....##...#..##
#..........#...####
#......###.........####


You could see Duvessa (fast), an adder and a hobgoblin.

Vanquished Creatures
  A worm (D:2)
  A dart slug (D:2)
  2 endoplasms
  3 giant cockroaches
  2 goblins (D:3)
  6 hobgoblins
  3 jackals (D:3)
  12 ball pythons
  3 bats
  A frilled lizard (D:1)
  8 kobolds
  A rat (D:1)
43 creatures vanquished.

Notes
Turn   | Place    | Note
-------+----------+-------------------------------------------
     0 | D:1      | qw the Deep Elf Hunter began the quest for the Orb.
     0 | D:1      | Reached XP level 1. HP: 12/12 MP: 3/3
     0 | D:1      | 0 ||| qw: Version: 0.3-a-9-g12657ce
     0 | D:1      | 0 ||| qw: Game counter: 2338
     0 | D:1      | 0 ||| qw: Always use a shield: true
     0 | D:1      | 0 ||| qw: God list: Okawaru
     0 | D:1      | 0 ||| qw: Allow faded altars: false
     0 | D:1      | 0 ||| qw: Do Orc after D:15 true
     0 | D:1      | 0 ||| qw: Do second Lair branch before Depths: true
     0 | D:1      | 0 ||| qw: Lair rune preference: random
     0 | D:1      | 0 ||| qw: Plans: Normal
     0 | D:1      | 0 ||| PLANNING D:1-11
   118 | D:1      | Reached XP level 2. HP: 11/16 MP: 4/4
   206 | D:1      | Reached skill level 6 in Ranged Weapons
   443 | D:1      | 443 ||| UPGRADING to +0 cloak.
   448 | D:1      | 448 ||| READING scroll labelled SYEL OGIEZINO.
   449 | D:1      | 449 ||| READING scroll labelled NOHEIC GEONAPN.
   450 | D:1      | 450 ||| READING scroll labelled QELEUM REOSKAS.
   451 | D:1      | 451 ||| READING scroll labelled SOUB UZEENAUGG.
   452 | D:1      | 452 ||| DROPPING scroll of butterflies.
   589 | D:2      | You fall into a shaft and drop 2 floors!
   615 | D:4      | 615 ||| UPGRADING to +0 scale mail.
   625 | D:4      | 625 ||| DROPPING +0 leather armour.
   626 | D:4      | 626 ||| READING scroll labelled GASHRE VA EMOR.
   886 | D:2      | HP: 4/16 [kobold/+0 short sword (3)]
   891 | D:2      | Reached XP level 3. HP: 4/20 MP: 5/5
   891 | D:2      | HP: 3/20 [ball python (1)]
  1054 | D:2      | Found Moiqano's General Store.
  1064 | D:2      | 1064 ||| SHOPLISTING +2 robe of cold resistance (212 gold,
                  | have 79).
  1064 | D:2      | 1064 ||| BUYING scroll of identify (24 gold).
  1064 | D:2      | Bought a scroll of identify for 24 gold pieces
  1394 | D:2      | 1394 ||| UPGRADING to +0 ring mail.
  1404 | D:2      | 1404 ||| DROPPING +0 scale mail.
  1405 | D:2      | 1405 ||| READING scroll labelled RIGEMIG KAESOD.
  1406 | D:2      | 1406 ||| DRINKING 2 grey potions.
  1559 | D:3      | Found a runed translucent door.
  1560 | D:3      | Noticed Crazy Yiuf
  1796 | D:3      | Reached skill level 7 in Ranged Weapons
  2196 | D:3      | 2196 ||| READING scroll labelled CEICSI UNETZ.
  2197 | D:3      | 2197 ||| READING scroll labelled TYDADOAFIMU.
  2258 | D:3      | 2258 ||| READING 2 scrolls of identify.
  2258 | D:3      | 2258 ||| IDENTIFYING metallic red potion
  2259 | D:3      | 2259 ||| DROPPING potion of ambrosia.
  2303 | D:4      | Noticed Dowan
  2304 | D:4      | Noticed Duvessa
  2314 | D:4      | HP: 5/20 [adder (2)]
  2316 | D:4      | Slain by Duvessa

Levels and vault maps discovered:
D:1:      giann_horns, layout_basic, nicolae_kite_square_tiling_tiny,
          minmay_misc_feat_chi
D:2:      layout_basic, serial_shops, shop_fountains, minmay_misc_feat_ornament,
          lightli_corner_chamber
D:3:      layout_basic, minmay_stone_trees_medium, uniq_crazy_yiuf_cottage
D:4:      layout_rooms, mainiacjoe_overflow_six_doors_small, uniq_duvessa

Skill      XL: |  1  2  3 |
---------------+----------+-----
Ranged Weapons | 6 7 |  7.1
Fighting       | |  1.5
Dodging        | |  2.4
Stealth        | |  1.2

Action                     || total
---------------------------++-------
   Fire: Shortbow          ||   124
    Use: Scroll            ||     9
         Potion            ||     1
 Armour: Leather armour    ||     2
         Scale mail        ||    17
         Ring mail         ||    15
  Dodge: Dodged            ||    19

Table legend:
 A = Non-vault XP
 B = Vault XP
 C = Vault XP percentage of total XP
 D = Non-vault monster count
 E = Vault monster count
 F = Vault count percentage of total count
                 A         B        C        D         E       F
            +---------+---------+-------+---------+---------+-------
      Total |      77 |       0 |   0.0 |      43 |       0 |   0.0
            +---------+---------+-------+---------+---------+-------
        D:1 |      20 |       0 |   0.0 |      14 |       0 |   0.0
        D:2 |      25 |       0 |   0.0 |      11 |       0 |   0.0
        D:3 |      31 |       0 |   0.0 |      17 |       0 |   0.0
        D:4 |       1 |       0 |   0.0 |       1 |       0 |   0.0
            +---------+---------+-------+---------+---------+-------
